 Dungeon Crawl Stone Soup version 0.21.0 (webtiles) character file.

11054 oplop the Thaumaturge (level 11, -2/65 HPs)
             Began as an Octopode Ice Elementalist on Jan 7, 2018.
             Was a Priest of Cheibriados.
             Slain by a blink frog (10 damage)
             ... on level 3 of the Lair of Beasts.
             The game lasted 00:41:15 (14525 turns).

oplop the Thaumaturge (Octopode Ice Elementalist)  Turns: 14525, Time: 00:41:16

Health: -2/65      AC: 10    Str: 16    XL:     11   Next: 71%
Magic:  0/24       EV: 21    Int: 31    God:    Cheibriados [***...]
Gold:   535        SH:  6    Dex: 22    Spells: 15/29 levels left

rFire    . . .     SeeInvis .   B - +1 dagger (drain)
rCold    . . .     Gourm    .   (no shield)
rNeg     . . .     Faith    .   (helmet restricted)
rPois    .         Spirit   .   z - +6 amulet of reflection
rElec    .         Reflect  +   l - +4 ring of intelligence
rCorr    .         Harm     .   (no ring)
MR       .....                  (no ring)
Stlth    ++++......             (no ring)
HPRegen  0.20/turn              (no ring)
MPRegen  0.19/turn              (no ring)
                                (no ring)
                                (no ring)

@: icy armour, very slow
A: almost no armour, stealthy swim, amphibious, 8 rings, constrict 8, rugged
brown scales 1, camouflage 1, frail 1, gelatinous body 1
a: Bend Time, Temporal Distortion, Renounce Religion


You were on level 3 of the Lair of Beasts.
You worshipped Cheibriados.
Cheibriados was most pleased with you.
You were not hungry.

You visited 3 branches of the dungeon, and saw 15 of its levels.

You collected 899 gold pieces.
You spent 364 gold pieces at shops.

Inventory:

Hand Weapons
 e - a +1 dagger of speed
 y - a +3 dagger
 B - a +1 dagger of draining (weapon)
Jewellery
 g - an uncursed ring of fire
 l - a +4 ring of intelligence (left tentacle)
 q - an uncursed amulet of guardian spirit
 z - a +6 amulet of reflection (around mantle)
Wands
 d - a wand of random effects (33)
 k - a wand of paralysis (25)
 o - a wand of flame (98)
 t - a wand of clouds (6)
Scrolls
 c - a scroll of blinking
 f - 8 scrolls of remove curse
 h - 2 scrolls of fog
 i - 2 scrolls of amnesia
 j - 4 scrolls of enchant weapon
 n - 2 scrolls of enchant armour
 r - 8 scrolls of identify
 w - a scroll of teleportation
 A - 2 scrolls of silence {unknown}
 C - a scroll of magic mapping {unknown}
Potions
 m - a potion of ambrosia
 p - 6 potions of invisibility
 s - 3 potions of curing {unknown}
 u - a potion of magic {unknown}
 v - a potion of heal wounds
 x - a potion of agility
 E - a potion of brilliance {unknown}
 F - 2 potions of lignification {unknown}
 H - a potion of might {unknown}
Books
 a - a book of Frost

   Spells                             Type                      Level
   a - Freeze                         Ice                          1
   b - Throw Frost                    Conjuration/Ice              2
   c - Ozocubu's Armour               Charms/Ice                   3
   d - Throw Icicle                   Conjuration/Ice              4
   e - Summon Ice Beast               Ice/Summoning                4
 D - a book of Geomancy

   Spells                             Type                      Level
   a - Sandblast                      Earth                        1
   b - Passwall                       Transmutation/Earth          2
   c - Stone Arrow                    Conjuration/Earth            3
   d - Petrify                        Transmutation/Earth          4
   e - Lee's Rapid Deconstruction     Earth                        5
Comestibles
 b - 12 rations


   Skills:
 - Level 4.4 Fighting
 + Level 8.6 Dodging
 - Level 2.6 Stealth
 + Level 9.5 Spellcasting
 - Level 4.2 Conjurations
 - Level 0.6 Charms
 - Level 2.2 Summonings
 - Level 8.7 Ice Magic
 + Level 7.5 Invocations


You had 15 spell levels left.
You knew the following spells:

 Your Spells              Type           Power        Failure   Level  Hunger
a - Freeze                Ice            ####         1%          1    None
b - Ozocubu's Armour      Chrm/Ice       #####...     1%          3    None
c - Summon Ice Beast      Ice/Summ       #####...     3%          4    None
d - Throw Icicle          Conj/Ice       ######..     2%          4    None
e - Apportation           Tloc           ##....       3%          1    None
f - Animate Skeleton      Necr           N/A          3%          1    None


Dungeon Overview and Level Annotations

Branches:
Dungeon (11/15)            Temple (1/1) D:5            Lair (3/6) D:10
  Swamp: Lair:2-4    Shoals: Lair:2-4     Snake: Lair:2-4    Spider: Lair:2-4
    Orc: D:9-12

Altars:
Ashenzari
Cheibriados
Dithmenos
Elyvilon
Fedhas
Gozag
Hepliaklqana
Kikubaaqudgha
Makhleb
Nemelex Xobeh
Okawaru
Qazlal
Ru
Sif Muna
Trog
Uskayaw
Vehumet
Wu Jian
Xom
Yredelemnul
Zin
The Shining One

Shops:
D:7 ?   D:9 *:}(%   D:11 =

Annotations:
D:7 exclusion: yak
D:8 exclusion: two-headed ogre, Erica
D:10 Joseph
D:11 exclusions: hydra and ugly thing
Lair:1 2 transporters
Lair:3 Snorg


Innate Abilities, Weirdness & Mutations

You cannot wear most types of armour.
You are very stealthy in the water. (Stealth+)
You are amphibious.
You can wear up to eight rings at the same time.
You can use your tentacles to constrict eight enemies at once.
Your skin changes colour to match your surroundings (Stealth+).
Your rubbery body absorbs attacks. (AC +1, EV +1)
You are partially covered in rugged brown scales. (AC +1, +3% HP)
You are frail. (-10% HP)


Message History

Snorg barely misses you. You block Snorg's attack. Snorg misses you.
Your ice beast closely misses Snorg.
You closely miss Snorg. Your squeeze misses Snorg.
Snorg is severely wounded.
Snorg closely misses you. You block Snorg's attack. Snorg claws you!
The blink frog hits you!!
Your ice beast closely misses the blink frog.
The blink frog hits you!!
* * * LOW HITPOINT WARNING * * *
Snorg misses you. Snorg barely misses you. Snorg misses you.
You block the blink frog's attack.
Your ice beast hits Snorg.
Your ice beast freezes Snorg!
A blink frog comes into view.
You closely miss Snorg.
Snorg is almost dead.
The blink frog misses you. Snorg barely misses you. Snorg claws you.
* * * LOW HITPOINT WARNING * * *
You block Snorg's attack.
Your ice beast hits the blink frog.
Your ice beast freezes the blink frog!
The blink frog hits you!
You die...

##### ##### ### #
.####P#.####.#..###.####
........................
........................
........................
.....YF.................
.F..F†F@........[.......
......T.................
.......Y...............<
.###.##.###.#..##.##.###
## ### ############


You could see Snorg (berserk), 4 blink frogs and 2 friendly ice beasts.

Vanquished Creatures
  A two-headed ogre (D:11)
  A cyclops (D:11)
  Maurice (D:11)
  A rime drake (Lair:1)
  2 komodo dragons (Lair:3)
  2 trolls (D:10)
  A blink frog (Lair:1)
  2 hippogriffs (D:9)
  A wyvern (D:8)
  A soldier ant (D:11)
  5 water moccasins
  3 porcupines
  2 black bears
  A sky beast (D:7)
  2 phantoms (D:9)
  3 ice beasts
  An ogre (D:7)
  2 crocodiles
  6 centaurs
  A big kobold (D:5)
  7 bullfrogs
  A wyvern skeleton (D:9)
  An electric eel (D:6)
  A howler monkey (D:9)
  2 vampire bats (D:6)
  A centaur zombie (D:5)
  3 crimson imps
  A bullfrog zombie (D:10)
  A bullfrog skeleton (D:4)
  3 centaur skeletons
  A gnoll shaman (D:9)
  3 hounds
  2 orc priests (D:10)
  6 orc wizards
  2 iguanas
  8 worker ants
  A killer bee zombie (D:9)
  A hound zombie (D:11)
  7 gnolls
  9 adders
  2 oozes (D:2)
  An adder zombie (D:9)
  An adder skeleton (D:2)
  2 worms (D:2)
  2 dart slugs
  5 leopard geckos
  30 orcs
  2 giant cockroaches
  10 goblins
  7 hobgoblins
  6 jackals
  3 quokkas
  A ball python (D:6)
  A ball python skeleton (D:4)
  21 bats
  3 frilled lizards
  9 kobolds
  8 rats
214 creatures vanquished.

Vanquished Creatures (collateral kills)
  2 two-headed ogres
  An unseen horror (D:11)
  2 polar bears (Lair:1)
  2 trolls
  Prince Ribbit (D:8)
  2 blink frogs (Lair:1)
  2 hippogriffs
  A yak (D:7)
  2 wargs (D:10)
  Duvessa (D:5)
  A necrophage (D:10)
  2 centaurs
  A crocodile (Lair:1)
  Blork the orc (D:4)
  Dowan (D:5)
  5 orc wizards
  5 orc priests
  A hound (D:4)
  A jelly (D:9)
  A centaur skeleton (D:4)
  A bullfrog skeleton (D:5)
  An iguana (D:5)
  2 worker ants
  The ghost of MovingMist the Pure, a weakling DsAK of Lugonu (D:3)
  A gnoll (D:3)
  An adder (D:4)
  An adder skeleton (D:4)
  17 orcs
  A bat (D:6)
  A goblin (D:3)
  A jackal (D:9)
  A quokka (D:4)
  A fungus (Lair:1)
65 creatures vanquished.

Vanquished Creatures (others)
  An unseen horror (D:10)
1 creature vanquished.

Grand Total: 280 creatures vanquished

Notes
Turn   | Place    | Note
-------+----------+-------------------------------------------
     0 | D:1      | oplop the Octopode Ice Elementalist began the quest for the Orb.
     0 | D:1      | Reached XP level 1. HP: 11/11 MP: 3/3
   144 | D:1      | Reached XP level 2. HP: 5/17 MP: 0/5
   952 | D:2      | Reached XP level 3. HP: 21/21 MP: 3/6
  1066 | D:2      | Found a sacrificial altar of Ru.
  1532 | D:2      | Reached XP level 4. HP: 22/27 MP: 4/8
  1665 | D:2      | Found a hide-covered altar of Uskayaw.
  1720 | D:2      | Learned a level 3 spell: Ozocubu's Armour
  2012 | D:3      | Noticed MovingMist's ghost (weakling DsAK)
  2214 | D:3      | Reached skill level 3 in Spellcasting
  2283 | D:3      | Found a bloodstained altar of Trog.
  2569 | D:3      | Reached XP level 5. HP: 31/31 MP: 9/9
  2575 | D:3      | Learned a level 4 spell: Summon Ice Beast
  2593 | D:3      | Found a glowing golden altar of the Shining One.
  3114 | D:4      | Noticed Blork the orc
  3133 | D:4      | Reached skill level 5 in Ice Magic
  3239 | D:4      | Reached skill level 1 in Summonings
  3345 | D:4      | Killed Blork the orc
  3345 | D:4      | Reached XP level 6. HP: 36/36 MP: 2/11
  3727 | D:4      | Got a smoking spear
  3728 | D:4      | Identified the cursed +0 spear of Ujoimipa {protect, *Slow Int+3 Stlth+} (You found it on level 4 of the Dungeon)
  4259 | D:4      | Gained mutation: You are frail. (-10% HP) [potion of mutation]
  4259 | D:4      | Gained mutation: You are partially covered in rugged brown scales. (AC +1, +3% HP) [potion of mutation]
  4784 | D:5      | Entered Level 5 of the Dungeon
  4785 | D:5      | Found a shimmering altar of Xom.
  4818 | D:5      | Learned a level 4 spell: Throw Icicle
  4833 | D:5      | Reached XP level 7. HP: 30/38 MP: 2/12
  4906 | D:5      | Found a staircase to the Ecumenical Temple.
  4925 | Temple   | Entered the Ecumenical Temple
  5202 | D:5      | Reached skill level 4 in Spellcasting
  5569 | D:5      | Noticed a spatial vortex
  5905 | D:5      | Noticed Duvessa
  5905 | D:5      | Noticed Dowan
  6469 | D:6      | Reached XP level 8. HP: 27/42 MP: 2/14
  6586 | D:6      | Found a radiant altar of Vehumet.
  7201 | D:7      | Reached skill level 5 in Spellcasting
  7406 | D:7      | Noticed a yak
  7406 | D:7      | Noticed a yak
  7406 | D:7      | Noticed a yak
  7406 | D:7      | Noticed a yak
  7420 | D:7      | Found Pametwel's Magic Scroll Shop.
  7423 | D:7      | Bought a scroll of teleportation for 42 gold pieces
  7423 | D:7      | Bought a scroll of teleportation for 42 gold pieces
  7479 | D:7      | Noticed a yak
  7495 | D:7      | Killed a yak
  7697 | D:7      | Found a radiant altar of Vehumet.
  7896 | D:8      | Found a shadowy altar of Dithmenos.
  7901 | D:8      | Reached XP level 9. HP: 47/47 MP: 17/17
  8335 | D:3      | Killed MovingMist's ghost
  8715 | D:5      | Killed Duvessa
  8715 | D:5      | Reached skill level 1 in Fighting
  8718 | D:5      | Killed Dowan
  8817 | D:5      | Found a sacrificial altar of Ru.
  9401 | D:8      | Noticed Erica
  9503 | D:8      | Reached skill level 6 in Spellcasting
  9561 | D:8      | Noticed Prince Ribbit
  9571 | D:8      | Killed Prince Ribbit
  9890 | D:8      | Found a snail-covered altar of Cheibriados.
  9935 | D:8      | Became a worshipper of Cheibriados the Contemplative
  9962 | D:8      | Noticed a two-headed ogre
 10167 | D:9      | Found Zeegag's Food Emporium.
 10201 | D:9      | Noticed a two-headed ogre
 10215 | D:9      | Killed a two-headed ogre
 10239 | D:9      | Found Oliuschil's Book Emporium.
 10291 | D:9      | Bought a book of Cantrips for 280 gold pieces
 10293 | D:9      | Learned a level 1 spell: Apportation
 10295 | D:9      | Learned a level 1 spell: Animate Skeleton
 10356 | D:9      | Reached skill level 7 in Spellcasting
 10388 | D:9      | Reached XP level 10. HP: 53/60 MP: 13/20
 10395 | D:9      | Reached skill level 5 in Dodging
 10398 | D:9      | Reached * piety under Cheibriados
 10458 | D:9      | Found Ofiruff's General Store.
 10556 | D:9      | Reached skill level 1 in Invocations
 11159 | D:9      | Found Jijeoz's Weapon Boutique.
 11186 | D:9      | Found Tifetoerr's Gadget Emporium.
 11249 | D:10     | Entered Level 10 of the Dungeon
 11308 | D:10     | Killed an unseen horror
 11317 | D:10     | Reached ** piety under Cheibriados
 11636 | D:10     | Reached skill level 8 in Spellcasting
 11922 | D:10     | Found a staircase to the Lair.
 12049 | D:10     | Reached skill level 5 in Invocations
 12223 | D:10     | Noticed Joseph
 12323 | D:11     | Noticed a two-headed ogre
 12330 | D:11     | Killed a two-headed ogre
 12330 | D:11     | Reached XP level 11. HP: 24/65 MP: 6/23
 12396 | D:11     | Found Yzaplolli's Jewellery Shop.
 12400 | D:11     | Noticed Maurice
 12554 | D:11     | Killed Maurice
 12554 | D:11     | Reached *** piety under Cheibriados
 12670 | D:11     | Noticed a two-headed ogre
 12677 | D:11     | Killed a two-headed ogre
 12720 | D:11     | Noticed a six-headed hydra
 12763 | D:11     | Reached skill level 9 in Spellcasting
 12764 | D:11     | Noticed a cyclops
 12765 | D:11     | Killed an unseen horror
 12913 | D:11     | HP: 2/65 [cyclops/large rock (36)]
 12921 | D:11     | Killed a cyclops
 13046 | D:11     | Noticed a red ugly thing
 13129 | Lair:1   | Entered Level 1 of the Lair of Beasts
 13351 | Lair:1   | Found a transporter.
 13382 | Lair:1   | Reached **** piety under Cheibriados
 13599 | Lair:1   | Found a transporter.
 14513 | Lair:3   | Noticed Snorg
 14525 | Lair:3   | Slain by a blink frog

Skill      XL: |  1  2  3  4  5  6  7  8  9 10 11 |
---------------+----------------------------------+-----
Ice Magic      | 4 5 6 7 8 |  8.7
Spellcasting   | 3 4 5 7 8 9 |  9.5
Summonings     | 1 2 |  2.2
Conjurations   | 2 4 |  4.2
Fighting       | 4 |  4.4
Dodging        | 4 7 8 |  8.6
Invocations    | 5 7 |  7.5
Stealth        | |  2.6
Charms         | |  0.6

Action                   |  1- 3 |  4- 6 |  7- 9 | 10-12 || total
-------------------------+-------+-------+-------+-------++-------
Melee: Unarmed           |    70 |   117 |       |       ||   187
       Constrict         |    19 |    32 |    44 |    35 ||   130
       Tentacles         |     9 |    18 |    56 |    48 ||   131
       Dagger            |       |       |   250 |   177 ||   427
 Cast: Freeze            |    30 |    57 |    62 |    59 ||   208
       Ozocubu's Armour  |       |    15 |    24 |    32 ||    71
       Summon Ice Beast  |       |     7 |    28 |    39 ||    74
       Throw Icicle      |       |       |     3 |    39 ||    42
       Animate Skeleton  |       |       |       |    19 ||    19
Invok: Bend Time         |       |       |       |     2 ||     2
Evoke: Wand              |       |       |       |     3 ||     3
  Use: Scroll            |       |     8 |     3 |     2 ||    13
       Potion            |       |     5 |       |     1 ||     6
 Stab: Sleeping          |     6 |     5 |    15 |     7 ||    33
       Distracted        |       |     1 |       |     3 ||     4
  Eat: Chunk             |     2 |    12 |     9 |     3 ||    26
       Ration            |       |     1 |     4 |     1 ||     6
Armor: Skin              |    16 |    42 |    90 |    37 ||   185
Dodge: Dodged            |    71 |   113 |   168 |   177 ||   529
Block: Other             |       |       |     9 |    56 ||    65
       Reflection        |       |       |       |     2 ||     2
